cohdb
Replays
Latest Replays
All Replays
Popular Replays
Top Player Replays
Match Explorer
How It Works
Community
CoH3 Stats
Reddit
Sign in to upload your games and track your stats! →
Sign in with Steam
Match 42936640
Unlisted
Match 42936640
Overview
Messages
Build Orders
End
Construct Barracks
Engineer Squad
Selects Armored Battlegroup
Selects Assault Engineers
1⁄4-ton 4x4 Truck
Riflemen Squad
Riflemen Squad
Riflemen Squad
Infantry Support Center
Construct Medical Station
Construct Motor Pool
M8 Greyhound Armored Car
M1 Anti-tank Gun Team
M1918 Browning Automatic Rifles
Selects Strength in Steel
Grenade Package
Selects M8 Scott SPG
M8 Scott SPG
Riflemen Squad
M1 Anti-tank Gun Team
M1 Anti-tank Gun Team
M1 Anti-tank Gun Team
Construct Tank Depot
Zo͞olo͞oKōbrə
Thomas Shelby
.
Knightz
水银灯
秃鹫k
我真的不是驴
IJustDontCare
0
0
Comments
sign in to comment!
No comments posted yet!